 Dungeon Crawl Stone Soup version 0.28.0-53-g5a82cb258f (webtiles) character file.

Game seed: 14288055304097805346

11 styxcanada the Sneak (level 2, -1/14 HPs)
             Began as a Spriggan Brigand on Aug 5, 2022.
             Slain by an endoplasm (3 damage)
             ... on level 1 of the Dungeon.
             The game lasted 00:01:53 (458 turns).

styxcanada the Sneak (Spriggan Brigand)              Turns: 458, Time: 00:01:53

Health: -1/14      AC:  3    Str:  7    XL:     2   Next: 13%
Magic:  3/3        EV: 17    Int: 12    God:
Gold:   0          SH:  0    Dex: 16    Spells: 1/1 levels left

rFire   . . .      SeeInvis +   a - +2 dagger
rCold   . . .      Faith    .   (no shield)
rNeg    . . .      Spirit   .   b - +0 robe
rPois   .          Reflect  .   (helmet restricted)
rElec   .          Harm     .   c - +0 cloak
rCorr   .          Rampage  .   (gloves unavailable)
Will    .....                   (boots unavailable)
Stlth   +++.......              (no amulet)
HPRegen 0.04/turn               (no ring)
MPRegen 0.08/turn               (no ring)

@: very quick
A: very small, no large weapons, unfitting armour, see invisible, speed 3
a: no special abilities


You were on level 1 of the Dungeon.
You visited 1 branch of the dungeon, and saw 1 of its levels.

Inventory:

Hand Weapons
 a - a +2 dagger (weapon)
Missiles
 d - 6 poisoned darts (quivered)
 e - 2 curare-tipped darts
 g - 18 sling bullets
Armour
 b - a +0 robe (worn)
 c - a +0 cloak (worn)
Scrolls
 f - a scroll of teleportation {unknown}


   Skills:
 * Level 1.5 Fighting
 + Level 2.1 Short Blades
 + Level 2.0 Throwing
 * Level 2.0 Dodging
 * Level 6.4 Stealth


You had one spell level left.
You didn't know any spells.
Your spell library was empty.

Dungeon Overview and Level Annotations

Branches:
Dungeon (1/15)

Altars:


Innate Abilities, Weirdness & Mutations

You are very small and have problems with some larger weapons.
You are too small for most types of armour.
You have supernaturally acute eyesight. (SInv)
You cover ground extremely quickly. (Speed+++)


Message History

The ball python bites you but does no damage.
The ball python constricts you.
You have reached level 2!
You hit the ball python.
You kill the ball python!
Found a stone staircase leading down.
A kobold comes into view. It is wielding a +0 short sword.
Found a ring mail.
You see here 4 sling bullets.
g - 4 sling bullets The kobold shouts!
You see here 14 sling bullets.
g - 18 sling bullets (gained 14) Throw: 8 darts (poison)
Press: ? - help, Q - select action, (/) - cycle Shift-Dir - straight line, f - kobold
Aim: a kobold, wielding a +0 short sword (53% to hit)
You throw a poisoned dart.
The poisoned dart closely misses the kobold.
Throw: 7 darts (poison)
Press: ? - help, Q - select action, (/) - cycle Shift-Dir - straight line, f/p - kobold
Aim: a kobold, wielding a +0 short sword (53% to hit)
You throw a poisoned dart. The poisoned dart hits the kobold.
The kobold is poisoned.
You kill the kobold!
You start resting.
An endoplasm comes into view.
You see here a +0 short sword.
The endoplasm quivers.
You hit the endoplasm.
The endoplasm is moderately wounded.
The endoplasm freezes you.
You are frozen.
* * * LOW HITPOINT WARNING * * *
You hit the endoplasm but do no damage.
The endoplasm is moderately wounded.
The endoplasm closely misses you.
You completely miss the endoplasm.
The endoplasm is moderately wounded.
The endoplasm hits you.
You die...

###.#.#..............#
##.......##...........# .#.
#..#.#.####..>..(.....#....
...÷÷#.# ###............#
..÷..#.# ##...).........#
.....#.# #................
.....#.# #..............>.
.....#)# #................
####.#÷# #.....@.(..(.....
####...####.....J.........[
#..........................
.........................#
........................#
.............#####.###.##
.............# .# ..
.............# .#
............. .#


You could see an endoplasm.

Vanquished Creatures
  A goblin (D:1)
  A hobgoblin (D:1)
  2 kobolds (D:1)
  2 quokkas (D:1)
  A ball python (D:1)
  3 frilled lizards (D:1)
10 creatures vanquished.

Notes
Turn   | Place    | Note
-------+----------+-------------------------------------------
     0 | D:1      | styxcanada the Spriggan Brigand began the quest for the
                  | Orb.
     0 | D:1      | Reached XP level 1. HP: 10/10 MP: 2/2
    47 | D:1      | Reached skill level 6 in Stealth
   424 | D:1      | Reached XP level 2. HP: 6/14 MP: 3/3
   458 | D:1      | Slain by an endoplasm

Illustrated notes

Levels and vault maps discovered:
D:1:      tarquinn_simple_flora_water_c, layout_rooms

Skill      XL: |  1 |
---------------+----+-----
Stealth        | 6 |  6.4
Dodging        | 2 |  2.0
Fighting       | |  1.5
Short Blades   | |  2.1
Throwing       | |  2.0

Action                   || total
-------------------------++-------
Melee: Dagger            ||    33
Throw: Dart              ||    12
Armor: Robe              ||     3
Dodge: Dodged            ||    32
